Map: 2000 Atmospheres LE

Players

Neeblet (Neeb)

  • Race: Protoss Protoss

Serral - Winner!

  • Race: Zerg Zerg
  • League: Grandmaster

Event: TSL 7

VOD

Have the link to the VOD?

Description

Time

  • Played on: June 13, 2021, 10:22 a.m.
  • Length: 9:03

All games in this series

Show
View Real Time Build Order
Export as new Build Order

Neeblet Protoss 

Build Orders: 1 Gate Expand 

Get SALT Encoding   

  12  0:00  Probe  
  13  0:12  Probe  
  14  0:19  Pylon  
  14  0:24  Probe  
  15  0:33  Assimilator  
  15  0:37  Probe (Chrono Boost)  
  16  0:46  Gateway  
  16  0:49  Probe (Chrono Boost)  
  17  0:54  Probe (Chrono Boost)  
  18  1:03  Probe  
  19  1:15  Probe  
  20  1:22  Nexus  
  20  1:33  Cybernetics Core  
  20  1:35  Probe  
  21  1:40  Assimilator  
  21  1:47  Probe  
  21  1:49  Pylon  
  22  1:59  Probe (Chrono Boost)  
  24  2:09  Probe (Chrono Boost)  
  24  2:10  Adept  
  24  2:13  Warp Gate  
  24  2:14  Probe (Chrono Boost)  
  27  2:25  Probe (Chrono Boost), Stargate  
  28  2:32  Probe (Chrono Boost)  
  28  2:34  Probe (Chrono Boost)  
  30  2:41  Stalker  
  30  2:43  Probe (Chrono Boost)  
  34  2:44  Probe (Chrono Boost)  
  34  2:48  Probe (Chrono Boost)  
  35  2:52  Probe  
  36  3:00  Probe  
  36  3:04  Probe  
  38  3:08  Fleet Beacon  
  38  3:12  Pylon  
  38  3:13  Probe (Chrono Boost)  
  40  3:20  Gateway  
  40  3:22  Probe (Chrono Boost)  
  40  3:26  Probe (Chrono Boost)  
  41  3:28  Adept  
  41  3:31  Probe x2 (Chrono Boost)  
  45  3:38  Pylon  
  45  3:40  Probe  
  46  3:41  Probe  
  47  3:48  Tempest (Chrono Boost)  
  47  3:50  Assimilator  
  47  3:52  Probe, Assimilator  
  53  3:59  Probe  
  53  4:01  Pylon  
  54  4:04  Probe  
  55  4:11  Probe  
  55  4:15  Void Ray (Chrono Boost)  
  55  4:16  Probe  
  57  4:17  Nexus  
  57  4:19  Pylon  
  57  4:26  Probe  
  57  4:31  Probe  
  63  4:33  Adept x2  
  63  4:38  Probe  
  68  4:43  Probe  
  68  4:44  Shield Battery  
  69  4:50  Probe  
  69  4:52  Void Ray  
  70  4:55  Probe  
  75  5:00  Protoss Air Weapons Level 1  
  75  5:01  Stargate  
  75  5:02  Probe  
  76  5:07  Probe  
  77  5:14  Probe  
  77  5:21  Flux Vanes  
  78  5:22  Pylon  
  78  5:23  Pylon  
  78  5:24  Pylon  
  78  5:25  Pylon  
  78  5:28  Void Ray (Chrono Boost)  
  78  5:29  Probe x2  
  78  5:30  Probe  
  81  5:36  Void Ray (Chrono Boost)  
  81  5:40  Assimilator  
  81  5:41  Probe x2  
  81  5:42  Probe, Assimilator  
  92  5:53  Probe x2  
  92  5:55  Probe  
  95  5:59  Forge  
  95  6:03  Stargate  
  95  6:04  Void Ray (Chrono Boost)  
  99  6:05  Probe  
  99  6:07  Probe  
  101  6:14  Probe  
  101  6:17  Probe  
  103  6:25  Void Ray (Chrono Boost)  
  103  6:28  Nexus  
  103  6:30  Probe x2, Pylon  
  103  6:31  Probe  
  110  6:37  Void Ray (Chrono Boost)  
  114  6:42  Probe x2  
  114  6:43  Probe  
  114  6:45  Assimilator  
  117  6:49  Assimilator  
  117  6:54  Probe x2  
  117  6:55  Probe  
  124  7:06  Probe x2  
  124  7:08  Probe  
  131  7:10  Carrier (Chrono Boost)  
  131  7:13  Pylon  
  131  7:15  Photon Cannon x2  
  129  7:17  Pylon  
  129  7:18  Shield Battery  
  129  7:28  Carrier (Chrono Boost)  
  129  7:32  Photon Cannon  
  129  7:33  Photon Cannon  
  141  7:43  Carrier (Chrono Boost)  
  141  7:48  Probe x2  
  143  7:55  Stargate  
  143  7:56  Stargate  
  143  7:58  Stargate, Void Ray (Chrono Boost)  
  143  8:01  Pylon  
  143  8:09  Probe x2  
  143  8:11  Probe x2  
  151  8:16  Void Ray (Chrono Boost)  
  131  8:40  Nexus  
  125  8:46  Cybernetics Core  
  138  8:50  Pylon  
Show
View Real Time Build Order
Export as new Build Order

Serral Zerg - Winner!

Build Orders: Hatch First 

Get SALT Encoding   

  12  0:00  Drone  
  13  0:11  Overlord  
  13  0:16  Drone  
  14  0:30  Drone x2  
  16  0:47  Hatchery  
  15  0:50  Drone  
  15  0:54  Drone  
  17  0:58  Drone  
  18  1:07  Extractor  
  17  1:13  Spawning Pool  
  17  1:15  Drone  
  17  1:19  Drone  
  18  1:27  Drone  
  19  1:38  Drone  
  20  1:48  Overlord  
  20  2:00  Queen x2  
  20  2:01  Zergling x4  
  26  2:10  Drone x2  
  26  2:12  Metabolic Boost  
  28  2:20  Drone  
  28  2:21  Drone  
  30  2:35  Queen  
  32  2:38  Hatchery  
  32  2:42  Drone  
  32  2:44  Drone  
  32  2:47  Overlord  
  33  2:51  Drone  
  33  2:54  Drone  
  33  2:55  Drone  
  36  3:03  Overlord  
  36  3:06  Drone  
  36  3:11  Drone x3  
  40  3:13  Drone x3  
  40  3:15  Drone  
  44  3:21  Queen  
  44  3:26  Queen  
  48  3:29  Spore Crawler  
  48  3:32  Overlord  
  47  3:35  Drone  
  47  3:36  Zergling x2  
  47  3:39  Zergling x2  
  47  3:40  Zergling x2  
  51  3:43  Zergling x2  
  51  3:46  Overlord  
  52  3:50  Queen  
  52  3:51  Drone x2  
  52  3:53  Drone  
  57  3:57  Drone x2  
  57  3:59  Spore Crawler  
  57  4:02  Drone x2  
  60  4:06  Drone  
  60  4:07  Drone  
  60  4:08  Drone  
  63  4:10  Drone  
  63  4:12  Drone  
  63  4:13  Drone x2  
  67  4:19  Roach Warren  
  67  4:20  Zergling x2  
  67  4:21  Drone  
  67  4:23  Drone  
  69  4:24  Drone  
  69  4:25  Drone  
  69  4:30  Lair  
  71  4:35  Extractor x2  
  71  4:36  Drone  
  71  4:37  Drone x2  
  71  4:38  Drone  
  73  4:40  Overlord  
  73  4:43  Drone  
  73  4:48  Evolution Chamber  
  73  4:49  Drone x2  
  73  4:52  Overlord  
  73  4:53  Zergling x2  
  73  4:55  Overlord  
  73  5:02  Zergling x14  
  80  5:11  Drone x2, Spore Crawler  
  80  5:13  Queen x2  
  85  5:15  Drone  
  85  5:16  Drone x3  
  85  5:19  Zerg Missile Weapons Level 1  
  85  5:20  Overlord  
  89  5:23  Drone  
  89  5:27  Extractor  
  88  5:30  Drone  
  88  5:32  Overlord  
  89  5:37  Hatchery  
  89  5:39  Extractor  
  89  5:40  Drone  
  89  5:41  Extractor, Hydralisk Den  
  86  5:43  Drone x8  
  86  5:48  Overlord  
  94  5:53  Baneling Nest  
  94  5:55  Overlord  
  94  5:56  Drone x3  
  96  5:59  Overlord  
  96  6:06  Drone  
  96  6:07  Drone  
  98  6:12  Grooved Spines  
  98  6:13  Drone x2  
  98  6:17  Queen x3  
  105  6:25  Drone  
  105  6:26  Hydralisk x2  
  105  6:27  Hydralisk x2  
  105  6:31  Hydralisk x3  
  118  6:39  Hydralisk x3  
  123  6:49  Hydralisk x5  
  132  6:58  Drone x2  
  132  6:59  Hydralisk  
  134  7:03  Overlord x4  
  134  7:07  Overlord x2  
  131  7:12  Hydralisk x2  
  131  7:14  Centrifical Hooks  
  135  7:21  Hydralisk  
  135  7:22  Hydralisk  
  139  7:23  Muscular Augments  
  139  7:25  Spore Crawler  
  139  7:28  Overlord  
  138  7:31  Hydralisk x4  
  138  7:36  Hydralisk x2  
  148  7:43  Hydralisk x4  
  154  7:51  Overlord  
  154  7:52  Hydralisk x2  
  154  7:53  Zergling x6  
  160  7:59  Baneling x7  
  160  8:04  Zergling x18  
  167  8:12  Overlord  
  167  8:14  Hydralisk x2  
  167  8:15  Hydralisk x2  
  170  8:20  Hydralisk x2  
  170  8:21  Zergling x6  
  170  8:26  Hydralisk x2  
  172  8:34  Hydralisk x3  
Tags
 
Add a new tag
Caveats
  • Supply blocks, unpowered buildings, or Contaminate may cause inaccurate times.
  • Supply counts are checked every 10 seconds.